 Dungeon Sprint DCSS version 0.31-a0-702-gf82c85558f (webtiles) character file.

Game seed: 2524645915808115528

318 sircluck the Grappler (level 6, -4/102 HPs)
             Began as a Troll Berserker on Sept 8, 2023.
             Was a High Priest of Trog.
             Slain by a freezing wraith (11 damage)
             ... in the Dungeon (Sprint VII: "The Pits").
             The game lasted 00:01:42 (333 turns).

sircluck the Grappler (Troll Berserker)              Turns: 333, Time: 00:01:42

Health: -4/102     AC:  5    Str: 28    XL:     6   Next: 21%
Magic:  5/5        EV: 11    Int:  3    God:    Trog [*****.]
Gold:   0          SH:  0    Dex:  9    Spells: 5/5 levels left

rFire   . .          .
                       - Unarmed
rCold   . . .        (no shield)
rNeg    . . .        a - +0 animal skin
rPois   .            (helmet restricted)
rElec   .            k - +0 cloak
rCorr   .            (gloves unavailable)
SInv    .            (boots unavailable)
Will    .....        (no amulet) Stlth
                     (no ring)
HPRegen 1.17/turn    (no ring)
MPRegen 0.09/turn

%: no teleportation
@: berserking, slowed
A: large, unfitting armour, claws 3, regeneration 1, shaggy fur 1, tough skin 1
a: Renounce Religion, Berserk, Trog's Hand, Brothers in Arms


You were in the Dungeon.
You worshipped Trog.
Trog was extremely pleased with you.
You visited 1 branch

Inventory:

Armour
 a - a +0 animal skin (worn)
 k - a +0 cloak (worn)
Scrolls
 g - a scroll of blinking
 i - 2 scrolls of vulnerability
 j - a scroll of summoning
Potions
 b - 6 potions of curing
 c - 5 potions of heal wounds
 d - a potion of haste
 e - 4 potions of magic
 f - 3 potions of berserk rage
 h - 2 potions of invisibility


   Skills:
 + Level 6.9 Fighting
 + Level 6.8 Dodging
 + Level 8.1 Unarmed Combat


You had 5 spell levels left.
You didn't know any spells.
Your spell library was empty.

Dungeon Overview and Level Annotations

Branches:
Dungeon (1/1)

Altars:
Cheibriados
Dithmenos
Elyvilon
Fedhas
Gozag
Hepliaklqana
Makhleb
Nemelex Xobeh
Okawaru
Qazlal
Ru
Sif Muna
Trog
Wu Jian
Xom
Yredelemnul
Zin
The Shining One
Jiyva


Innate Abilities, Weirdness & Mutations

You are too large for most types of armour.
You have claws for hands.
Your natural rate of healing is unusually fast.
You are covered in fur. (AC +1)
You have tough skin. (AC +1)


Message History

You scratch the freezing wraith.
The freezing wraith is moderately damaged.
The freezing wraith hits you! The freezing wraith freezes you!!
The freezing wraith hits you. The freezing wraith drains your vigour!
You feel yourself slow down.
You are too injured to fight recklessly!
You are too injured to fight recklessly!
You are too injured to fight recklessly!
You are too injured to fight recklessly!
You are too injured to fight recklessly!
You are too injured to fight recklessly!
You are too injured to fight recklessly!
You are too injured to fight recklessly!
You are too injured to fight recklessly!
You are too injured to fight recklessly!
You are too injured to fight recklessly!
You claw the freezing wraith!
The freezing wraith is heavily damaged.
The freezing wraith hits you. The freezing wraith freezes you!!
* * * LOW HITPOINT WARNING * * *
The freezing wraith hits you.
* * * LOW HITPOINT WARNING * * *
You feel much better. The freezing wraith misses you.
The freezing wraith hits you. The freezing wraith drains your vigour!
You feel as though you will be slow longer.
The freezing wraith completely misses you.
The freezing wraith hits you.
* * * LOW HITPOINT WARNING * * *
The freezing wraith drains your vigour!
You feel as though you will be slow longer.
A red film seems to cover your vision as you go berserk!
You feel yourself moving faster!
You feel mighty! The freezing wraith hits you.
* * * LOW HITPOINT WARNING * * *
The freezing wraith freezes you!!
* * * LOW HITPOINT WARNING * * *
The freezing wraith barely misses you.
You claw the freezing wraith!
The freezing wraith is severely damaged.
The freezing wraith hits you!
You die...

#.#..#.)))[##.......#
#'###########.......#
#)......# #########
#†......# #...#...#
#..###).#+#
#...#...#.+
#.......#W#
#.......@.#
###########


You could see a freezing wraith.

Vanquished Creatures
  Edmund (D)
  A sky beast (D)
  An orc priest (D)
  Crazy Yiuf (D)
  A gnoll (D)
  An adder (D)
  An ufetubus (D)
  An adder skeleton (D)
  3 orcs (D)
  A bat (D)
  An endoplasm (D)
  3 goblins (D)
  A hobgoblin (D)
  A ball python (D)
  A ball python skeleton (D)
19 creatures vanquished.

Notes
Turn   | Place    | Note
-------+----------+-------------------------------------------
     0 | D        | sircluck the Troll Berserker began the quest for the Orb.
     0 | D        | Reached XP level 1. HP: 22/22 MP: 0/0
    40 | D        | Reached XP level 2. HP: 22/31 MP: 1/1
    76 | D        | Found a bloodstained altar of Trog.
    76 | D        | Found a shimmering blue altar of Sif Muna.
    76 | D        | Found a viscous altar of Jiyva.
    76 | D        | Found a hazy altar of Hepliaklqana.
    76 | D        | Found an opulent altar of Gozag.
    77 | D        | Found a glowing golden altar of the Shining One.
    77 | D        | Found a glowing silver altar of Zin.
    77 | D        | Found a basalt altar of Yredelemnul.
    77 | D        | Found a shimmering altar of Xom.
    77 | D        | Found an ornate altar of the Wu Jian Council.
    77 | D        | Found a sacrificial altar of Ru.
    77 | D        | Found a stormy altar of Qazlal.
    77 | D        | Found an iron altar of Okawaru.
    77 | D        | Found a sparkling altar of Nemelex Xobeh.
    77 | D        | Found a burning altar of Makhleb.
    77 | D        | Found a blossoming altar of Fedhas.
    77 | D        | Found a white marble altar of Elyvilon.
    77 | D        | Found a shadowy altar of Dithmenos.
    77 | D        | Found a snail-covered altar of Cheibriados.
    87 | D        | Reached ** piety under Trog
    88 | D        | Reached skill level 4 in Unarmed Combat
   109 | D        | Reached *** piety under Trog
   115 | D        | Reached XP level 3. HP: 32/39 MP: 2/2
   164 | D        | Noticed Crazy Yiuf
   182 | D        | Killed Crazy Yiuf
   183 | D        | Reached skill level 5 in Unarmed Combat
   188 | D        | Reached **** piety under Trog
   196 | D        | Reached XP level 4. HP: 13/49 MP: 3/3
   217 | D        | Noticed a sky beast
   230 | D        | Killed a sky beast
   231 | D        | Reached skill level 5 in Fighting
   231 | D        | Reached skill level 5 in Dodging
   231 | D        | Reached skill level 6 in Unarmed Combat
   231 | D        | Reached XP level 5. HP: 32/59 MP: 4/4
   263 | D        | Reached skill level 7 in Unarmed Combat
   265 | D        | Reached ***** piety under Trog
   268 | D        | Noticed Edmund
   279 | D        | Killed Edmund
   280 | D        | Reached skill level 8 in Unarmed Combat
   280 | D        | Reached XP level 6. HP: 27/68 MP: 5/5
   327 | D        | Noticed a freezing wraith
   333 | D        | Slain by a freezing wraith

Illustrated notes

Levels and vault maps discovered:
D:        pitsprint [storerooms_1, entrance_room_1, metal_vault_2, armoury_3,
          mini_pit_1, grid_room_1, main_hall_1, silver_pit, the_coven_1,
          the_vestibule_1, steel_vault_4, golden_pit, hallway_of_sentries,
          crystal_vault_5, iron_vault_4, final_vault]

Skill      XL: |  1  2  3  4  5 |
---------------+----------------+-----
Fighting       | 3 4 5 6 |  6.9
Dodging        | 3 4 5 6 |  6.8
Unarmed Combat | 4 5 6 8 |  8.1

Action                     |  1- 3 |  4- 6 || total
---------------------------+-------+-------++-------
  Melee: Unarmed           |    42 |    31 ||    73
 Invoke: Berserk           |       |     1 ||     1
    Use: Potion            |       |     1 ||     1
 Armour: Animal skin       |    22 |    25 ||    47
  Dodge: Dodged            |    17 |    11 ||    28

Table legend: (Time is in decaauts)
 A = Elapsed time spent in this place.
 B = Non-inter-level travel time spent in this place.
 C = Inter-level travel time spent in this place.
 D = Time resting spent in this place.
 E = Time spent auto-exploring this place.
 F = Levels seen in this place.
 G = Mean time per level.
                   A        B        C        D        E       F      G
               +--------+--------+--------+--------+--------+-----+--------+
         Total |    327 |    327 |      0 |      0 |    174 |   1 |  327.0 |
       Dungeon |    327 |    327 |      0 |      0 |    174 |   1 |  327.0 |
               +--------+--------+--------+--------+--------+-----+--------+

Top non-repeatable levels by time:
       D: 327 daAuts
